PL
NORTHERN VIRGINIA RAINBOW MERMAIDS @ BROOKLYN DODGERS
05/19/2029
 
TOP OF THE 1ST
Northern Virginia Rainbow Mermaids batting - Pitching for Brooklyn Dodgers : LHP Todd Hines
Pitching: LHP Todd Hines
Batting: RHB Brett Callison 0-0: Called Strike
0-1: Ball
1-1: Ball
2-1: Foul Ball, location: 2F
2-2: Ball
3-2: Reached on error, E3 (Groundball, 34S)
Batting: RHB Bernardo Herrera 0-0: Ball
1-0: Called Strike
1-1: Called Strike
1-2: Ball
2-2: Ball
3-2: Strikes out swinging
Batting: RHB Alfredo Pizarro 0-0: Ball
1-0: Called Strike
1-1: Foul Ball, location: 2F
1-2: Foul Ball, location: 2F
1-2: Foul Ball, location: 2F
1-2: Foul Ball, location: 2F
1-2: Ball
2-2: Ground out 6-3 (Groundball, 6)
Batting: RHB Ed Adams 0-0: Foul Ball, location: 2F
0-1: Foul Ball, location: 2F
0-2: Ball
1-2: Strikes out looking
Top of the 1st over - 0 runs, 0 hits, 1 error, 1 left on base; Northern Virginia 0 - Brooklyn 0
BOTTOM OF THE 1ST
Brooklyn Dodgers batting - Pitching for Northern Virginia Rainbow Mermaids : RHP Mimosa Joseph
Pitching: RHP Mimosa Joseph
Batting: RHB Vincent Crane 0-0: Ground out 4-3 (Groundball, 4)
Batting: LHB Mysterious Walker 0-0: Foul Ball, location: 2F
0-1: Ground out 4-3 (Groundball, 4)
Batting: RHB Oliver Aranda 0-0: Ball
1-0: Ball
2-0: Fly out, F6 (Popup, 56)
Bottom of the 1st over - 0 runs, 0 hits, 0 errors, 0 left on base; Northern Virginia 0 - Brooklyn 0
TOP OF THE 2ND
Northern Virginia Rainbow Mermaids batting - Pitching for Brooklyn Dodgers : LHP Todd Hines
Batting: RHB Ju-chan Pak 0-0: Ball
1-0: Called Strike
1-1: Foul Ball, location: 2F
1-2: Ball
2-2: Foul Ball, location: 2F
2-2: Foul Ball, location: 2F
2-2: Ball
3-2: Foul Ball, location: 2F
3-2: Strikes out swinging
Batting: LHB Francisco Ornelas 0-0: Fly out, F8 (Flyball, 8LD)
Batting: LHB Rafael Sánchez 0-0: Ball
1-0: Fly out, F8 (Flyball, 8RS)
Top of the 2nd over - 0 runs, 0 hits, 0 errors, 0 left on base; Northern Virginia 0 - Brooklyn 0
BOTTOM OF THE 2ND
Brooklyn Dodgers batting - Pitching for Northern Virginia Rainbow Mermaids : RHP Mimosa Joseph
Batting: SHB Juan Rivas 0-0: Ball
1-0: Fly out, F7 (Flyball, 7LSF)
Batting: LHB Avon Barksdale 0-0: Called Strike
0-1: Foul Ball, location: 2F
0-2: Foul Ball, location: 2F
0-2: Foul Ball, location: 2F
0-2: Ball
1-2: Ground out 4-3 (Groundball, 34)
Batting: LHB Ki-tak Im 0-0: Ball
1-0: Swinging Strike
1-1: Ball
2-1: Ground out 3-1 (Groundball, 34S)
Bottom of the 2nd over - 0 runs, 0 hits, 0 errors, 0 left on base; Northern Virginia 0 - Brooklyn 0
TOP OF THE 3RD
Northern Virginia Rainbow Mermaids batting - Pitching for Brooklyn Dodgers : LHP Todd Hines
Batting: LHB Roberto Sánchez 0-0: Called Strike
0-1: Foul Ball, location: 2F
0-2: Ball
1-2: Ball
2-2: Ground out 6-3 (Groundball, 56)
Batting: RHB Lionel McCloud 0-0: Ball
1-0: Called Strike
1-1: Called Strike
1-2: Foul Ball, location: 2F
1-2: Ball
2-2: Ground out 5-3 (Groundball, 2L)
Batting: RHB Brett Callison 0-0: Called Strike
0-1: Called Strike
0-2: Ground out 4-3 (Groundball, 4)
Top of the 3rd over - 0 runs, 0 hits, 0 errors, 0 left on base; Northern Virginia 0 - Brooklyn 0
BOTTOM OF THE 3RD
Brooklyn Dodgers batting - Pitching for Northern Virginia Rainbow Mermaids : RHP Mimosa Joseph
Batting: RHB Gustavo Mateo 0-0: Ball
1-0: Foul Ball, location: 2F
1-1: Ball
2-1: Ball
3-1: Swinging Strike
3-2: Base on Balls
Batting: RHB Adrian Rodgers 0-0: Foul Ball, location: 2F
0-1: Swinging Strike
0-2: Ball
1-2: Ball
2-2: Grounds into double play, 1-6-3 (Groundball, 13)
Batting: LHB Frank Sharp 0-0: Ball
1-0: Called Strike
1-1: Swinging Strike
1-2: Ball
2-2: Ball
3-2: Ground out 5-3 (Groundball, 56)
Bottom of the 3rd over - 0 runs, 0 hits, 0 errors, 0 left on base; Northern Virginia 0 - Brooklyn 0
TOP OF THE 4TH
Northern Virginia Rainbow Mermaids batting - Pitching for Brooklyn Dodgers : LHP Todd Hines
Batting: RHB Bernardo Herrera 0-0: Ball
1-0: Ball
2-0: Ball
3-0: Called Strike
3-1: TRIPLE (Line Drive, 8RXD)
Batting: RHB Alfredo Pizarro 0-0: Swinging Strike
0-1: Ball
1-1: Swinging Strike
1-2: Strikes out swinging
Batting: RHB Ed Adams 0-0: Called Strike
0-1: Ball
1-1: Ball
2-1: Ground out 5-3 (Groundball, 56)
Bernardo Herrera scores
Batting: RHB Ju-chan Pak 0-0: Ball
1-0: Fly out, F8 (Flyball, 8LM)
Top of the 4th over - 1 run, 1 hit, 0 errors, 0 left on base; Northern Virginia 1 - Brooklyn 0
BOTTOM OF THE 4TH
Brooklyn Dodgers batting - Pitching for Northern Virginia Rainbow Mermaids : RHP Mimosa Joseph
Batting: RHB Vincent Crane 0-0: Ground out 5-3 (Groundball, 5)
Batting: LHB Mysterious Walker 0-0: Ball
1-0: Ball
2-0: Ball
3-0: Ground out 4-3 (Groundball, 34)
Batting: RHB Oliver Aranda 0-0: Foul Ball, location: 2F
0-1: Ball
1-1: Fly out, F3 (Popup, 3SF)
Bottom of the 4th over - 0 runs, 0 hits, 0 errors, 0 left on base; Northern Virginia 1 - Brooklyn 0
TOP OF THE 5TH
Northern Virginia Rainbow Mermaids batting - Pitching for Brooklyn Dodgers : LHP Todd Hines
Batting: LHB Francisco Ornelas 0-0: Ball
1-0: Foul Ball, location: 2F
1-1: Called Strike
1-2: Ball
2-2: Foul Ball, location: 2F
2-2: Strikes out swinging
Batting: LHB Rafael Sánchez 0-0: Ball
1-0: DOUBLE (Line Drive, 89D)
Batting: LHB Roberto Sánchez 0-0: Called Strike
0-1: Foul Ball, location: 2F
0-2: Foul Ball, location: 2F
0-2: Ball
1-2: Fly out, F8 (Line Drive, 8LD)
Batting: RHB Lionel McCloud 0-0: Ball
1-0: Swinging Strike
1-1: Foul Ball, location: 2F
1-2: Ball
2-2: Strikes out swinging
Top of the 5th over - 0 runs, 1 hit, 0 errors, 1 left on base; Northern Virginia 1 - Brooklyn 0
BOTTOM OF THE 5TH
Brooklyn Dodgers batting - Pitching for Northern Virginia Rainbow Mermaids : RHP Mimosa Joseph
Batting: SHB Juan Rivas 0-0: Ball
1-0: SOLO HOME RUN (Flyball, 9D), Distance : 381 ft
Batting: LHB Avon Barksdale 0-0: Called Strike
0-1: Swinging Strike
0-2: Ball
1-2: Strikes out swinging
Batting: LHB Ki-tak Im 0-0: SINGLE (Groundball, 4MD)
Batting: RHB Gustavo Mateo 0-0: Ball
1-0: Swinging Strike
1-1: Ball
2-1: SINGLE (Flyball, 7LS)
Ki-tak Im to second
Batting: RHB Adrian Rodgers 0-0: Called Strike
0-1: Foul Ball, location: 2F
0-2: Fly out, F5 (Line Drive, 5L)
Batting: LHB Frank Sharp 0-0: Ball
1-0: Fly out, F6 (Line Drive, 6)
Bottom of the 5th over - 1 run, 3 hits, 0 errors, 2 left on base; Northern Virginia 1 - Brooklyn 1
TOP OF THE 6TH
Northern Virginia Rainbow Mermaids batting - Pitching for Brooklyn Dodgers : LHP Todd Hines
Batting: RHB Brett Callison 0-0: Foul Ball, location: 2F
0-1: Ball
1-1: Ball
2-1: Swinging Strike
2-2: Ball
3-2: Foul Ball, location: 2F
3-2: Foul Ball, location: 2F
3-2: SINGLE (Groundball, 6MD)
Batting: RHB Bernardo Herrera 0-0: Sac Bunt - play at first, batter OUT! 1-4
Brett Callison to second
Batting: RHB Alfredo Pizarro 0-0: Foul Ball, location: 2F
0-1: Foul Ball, location: 2F
0-2: Strikes out swinging
Batting: RHB Ed Adams 0-0: Called Strike
0-1: Ball
1-1: Fly out, F9 (Line Drive, 9)
Top of the 6th over - 0 runs, 1 hit, 0 errors, 1 left on base; Northern Virginia 1 - Brooklyn 1
BOTTOM OF THE 6TH
Brooklyn Dodgers batting - Pitching for Northern Virginia Rainbow Mermaids : RHP Mimosa Joseph
Batting: RHB Vincent Crane 0-0: Called Strike
0-1: Hit by Pitch
Batting: LHB Mysterious Walker 0-0: Ball
1-0: Ball
2-0: Called Strike
2-1: Fielders Choice at 2nd, 4-6 (Groundball, 4)
Batting: RHB Oliver Aranda 0-0: Called Strike
0-1: Ball
1-1: Ball
2-1: Swinging Strike
2-2: Strikes out swinging
Batting: SHB Juan Rivas 0-0: Ball
Mysterious Walker steals 2nd base
1-0: Ball
2-0: Fly out, F7 (Line Drive, 7LD)
Bottom of the 6th over - 0 runs, 0 hits, 0 errors, 1 left on base; Northern Virginia 1 - Brooklyn 1
TOP OF THE 7TH
Northern Virginia Rainbow Mermaids batting - Pitching for Brooklyn Dodgers : LHP Todd Hines
Batting: RHB Ju-chan Pak 0-0: Ball
1-0: Ball
2-0: Called Strike
2-1: Called Strike
2-2: Strikes out swinging, 2-3 out at first.
Batting: LHB Francisco Ornelas 0-0: Ball
1-0: Ball
2-0: Reached on error, E5 (Groundball, 56S)
Batting: LHB Rafael Sánchez 0-0: Ball
1-0: Foul Ball, location: 2F
1-1: Called Strike
1-2: Foul Ball, location: 2F
1-2: Ball
2-2: Ground out 4-3 (Groundball, 34)
Francisco Ornelas to second
Pitching: LHP Brandeis Vogt
Batting: LHB Roberto Sánchez 0-0: Ball
1-0: Called Strike
1-1: Ball
2-1: Swinging Strike
2-2: Ball
3-2: SINGLE (Groundball, 6MD)
Francisco Ornelas to third
Francisco Ornelas scores
Batting: RHB Lionel McCloud 0-0: Called Strike
0-1: Called Strike
0-2: TRIPLE (Flyball, 8LXD)
Roberto Sánchez scores
Batting: RHB Brett Callison 0-0: Ball
1-0: Called Strike
1-1: Ball
2-1: Foul Ball, location: 2F
2-2: Ball
3-2: Fly out, F4 (Popup, 4M)
Top of the 7th over - 2 runs, 2 hits, 1 error, 1 left on base; Northern Virginia 3 - Brooklyn 1
BOTTOM OF THE 7TH
Brooklyn Dodgers batting - Pitching for Northern Virginia Rainbow Mermaids : RHP Mimosa Joseph
Batting: LHB Avon Barksdale 0-0: Ball
1-0: Called Strike
1-1: Foul Ball, location: 2F
1-2: Fly out, F9 (Flyball, 9D)
Batting: LHB Ki-tak Im 0-0: Ball
1-0: Ball
2-0: Ground out 6-3 (Groundball, 6MS)
Batting: RHB Gustavo Mateo 0-0: Called Strike
0-1: Foul Ball, location: 2F
0-2: Foul Ball, location: 2F
0-2: Ball
1-2: Ball
2-2: Ball
3-2: Foul Ball, location: 2F
3-2: Foul Ball, location: 2F
3-2: Base on Balls
Batting: RHB Adrian Rodgers 0-0: Called Strike
0-1: Fly out, F8 (Flyball, 8LM)
Bottom of the 7th over - 0 runs, 0 hits, 0 errors, 1 left on base; Northern Virginia 3 - Brooklyn 1
TOP OF THE 8TH
Northern Virginia Rainbow Mermaids batting - Pitching for Brooklyn Dodgers : LHP Brandeis Vogt
Batting: RHB Bernardo Herrera 0-0: Ball
1-0: Foul Ball, location: 2F
1-1: Ball
2-1: Ball
3-1: Called Strike
3-2: Fly out, F8 (Flyball, 8RD)
Batting: RHB Alfredo Pizarro 0-0: Ball
1-0: Fly out, F4 (Popup, 4M)
Batting: RHB Ed Adams 0-0: Called Strike
0-1: Ball
1-1: Ball
2-1: Called Strike
2-2: Strikes out swinging
Top of the 8th over - 0 runs, 0 hits, 0 errors, 0 left on base; Northern Virginia 3 - Brooklyn 1
BOTTOM OF THE 8TH
Brooklyn Dodgers batting - Pitching for Northern Virginia Rainbow Mermaids : RHP Mimosa Joseph
Pitching: LHP Chris Sommer
Batting: LHB Frank Sharp 0-0: Foul Ball, location: 2F
0-1: Ball
1-1: Ball
2-1: Ball
3-1: Foul Ball, location: 2F
3-2: SINGLE (Line Drive, 3S)
Pitching: RHP Ricardo Rodríguez
Batting: RHB Vincent Crane 0-0: Ball
1-0: Ball
2-0: Foul Ball, location: 2F
2-1: Ground out U3 (Groundball, 3)
Frank Sharp to second
Pitching: RHP David Hudson
Batting: LHB Mysterious Walker 0-0: Foul Ball, location: 2F
0-1: Called Strike
0-2: Strikes out looking
Batting: RHB Oliver Aranda 0-0: Ball
1-0: Called Strike
1-1: Swinging Strike
1-2: Ball
2-2: Foul Ball, location: 2F
2-2: Ball
3-2: Foul Ball, location: 2F
3-2: Strikes out looking
Bottom of the 8th over - 0 runs, 1 hit, 0 errors, 1 left on base; Northern Virginia 3 - Brooklyn 1
TOP OF THE 9TH
Northern Virginia Rainbow Mermaids batting - Pitching for Brooklyn Dodgers : LHP Brandeis Vogt
Batting: RHB Ju-chan Pak 0-0: SINGLE (Line Drive, 56S)
Batting: LHB Francisco Ornelas 0-0: Called Strike
0-1: Foul Ball, location: 2F
0-2: Ball
1-2: Foul Ball, location: 2F
1-2: Fly out, F7 (Flyball, 7D)
Batting: LHB Rafael Sánchez Pickoff Throw to First - Out!
0-0: Ball
1-0: Ball
2-0: Ball
3-0: Base on Balls
Batting: LHB Roberto Sánchez 0-0: Called Strike
Rafael Sánchez steals 2nd base
0-1: Called Strike
0-2: 2-RUN HOME RUN (Flyball, 9D), Distance : 397 ft
Pitching: RHP John Bailey
Batting: RHB Lionel McCloud 0-0: Foul Ball, location: 2F
0-1: Foul Ball, location: 2F
0-2: Foul Ball, location: 2F
0-2: Ground out 6-3 (Groundball, 6MS)
Top of the 9th over - 2 runs, 2 hits, 0 errors, 0 left on base; Northern Virginia 5 - Brooklyn 1
BOTTOM OF THE 9TH
Brooklyn Dodgers batting - Pitching for Northern Virginia Rainbow Mermaids : RHP David Hudson
Batting: SHB Juan Rivas 0-0: Called Strike
0-1: Ball
1-1: Ball
2-1: Ground out 5-3 (Groundball, 56)
Batting: LHB Avon Barksdale 0-0: Ball
1-0: Ball
2-0: Foul Ball, location: 2F
2-1: Ball
3-1: Base on Balls
Batting: LHB Ki-tak Im 0-0: Ball
1-0: Ground out U3 (Groundball, 34)
Avon Barksdale to second
Batting: RHB Gustavo Mateo 0-0: Ball
1-0: Ball
2-0: Ball
3-0: Called Strike
3-1: Ground out 5-3 (Groundball, 56S)
Bottom of the 9th over - 0 runs, 0 hits, 0 errors, 1 left on base; Northern Virginia 5 - Brooklyn 1
Tuesday, December 19th, 2017 - OOTP Baseball 18.8 Build 76